General information
- name: BNet
- type: Ladder team game (AT/RT)
- host: Battle.net
- saver: DougSandhorst
map: Monsoon
- players: 6
- length: 39:13
- speed: Fast
- version: 1.26 W3XP
- replay type:

» download(287 KB)
Players
team 1 (loser)
CHASSEUR08 (
orange | 87 APM | 3422 actions | 39:11)
4 Death Knight
2 Death Coil
2 Unholy Aura
4 Lich
2 Frost Nova
2 Frost Armor
1 Tauren Chieftain
1 War Stomp
1 Archmage
1 Blizzard
1 Blademaster
1 Critical Strike
» actions
| Assign group hotkey | 108 | |
| Basic commands | 15 | |
| Build / train | 93 | |
| Enter build submenu | 23 | |
| Enter hero's abilities submenu | 11 | |
| Give item / drop item | 8 | |
| Remove unit from queue | 1 | |
| Right click | 1520 | |
| Select / deselect | 642 | |
| Select group hotkey | 818 | |
| Use ability | 182 | |
3422 total
» units
| Acolyte | 12 | |
| Ghoul | 8 | |
| Crypt Fiend | 12 | |
| Abomination | 3 | |
| Frost Wyrm | 2 | |
37 total
» upgrades
| Creature Carapace | 3 | |
| Creature Attack | 3 | |
| Web | 1 | |
| Burrow | 1 | |
| Disease Cloud | 1 | |
9 total
» buildings
| Crypt | 1 | |
| Graveyard | 1 | |
| Altar of Darkness | 1 | |
| Ziggurat | 15 | |
| Tomb of Relics | 1 | |
| Nerubian Tower | 1 | |
| Halls of the Dead | 2 | |
| Black Citadel | 1 | |
| Spirit Tower | 9 | |
| Slaughterhouse | 1 | |
| Sacrificial Pit | 1 | |
| Boneyard | 1 | |
| Temple of the Damned | 1 | |
36 total
» build order
00:17 Crypt
00:34 Graveyard
00:57 Altar of Darkness
01:01 Ziggurat
01:53 Ziggurat
02:28 Tomb of Relics
02:49 Nerubian Tower
05:32 Halls of the Dead
05:56 Ziggurat
08:43 Ziggurat
08:44 Ziggurat
08:46 Ziggurat
08:47 Ziggurat
09:49 Black Citadel
10:03 Spirit Tower
10:04 Spirit Tower
10:41 Spirit Tower
10:43 Spirit Tower
12:54 Slaughterhouse
14:28 Ziggurat
14:30 Ziggurat
14:31 Ziggurat
14:32 Ziggurat
15:44 Spirit Tower
15:46 Spirit Tower
18:02 Ziggurat
18:09 Ziggurat
19:42 Spirit Tower
20:05 Spirit Tower
20:06 Spirit Tower
20:35 Ziggurat
21:41 Sacrificial Pit
21:50 Ziggurat
24:21 Boneyard
27:42 Temple of the Damned
» items
| Rod of Necromancy | 2 | |
| Sacrificial Skull | 3 | |
| Dust of Appearance | 2 | |
| Scroll of Protection | 1 | |
| Potion of Healing | 2 | |
| Orb of Corruption | 1 | |
| Scroll of Town Portal | 6 | |
| Potion of Lesser Invulnerability | 1 | |
18 total
fullgay (
pink | 88 APM | 2504 actions | 28:30)
4 Archmage
2 Blizzard
2 Brilliance Aura
3 Blood Mage
2 Flame Strike
1 Banish
» actions
| Assign group hotkey | 47 | |
| Basic commands | 38 | |
| Build / train | 136 | |
| Enter build submenu | 45 | |
| Enter hero's abilities submenu | 7 | |
| Give item / drop item | 8 | |
| Remove unit from queue | 1 | |
| Right click | 869 | |
| Select / deselect | 591 | |
| Select group hotkey | 628 | |
| Use ability | 134 | |
2504 total
» units
| Peasant | 29 | |
| Footman | 11 | |
| Siege Engine | 11 | |
| Dragonhawk Rider | 8 | |
59 total
» upgrades
| Defend | 1 | |
| Lumber Harvesting | 2 | |
| Masonry | 2 | |
| Barrage | 1 | |
| Gunpowder | 2 | |
| Plating | 2 | |
| Cloud | 1 | |
| Armor | 3 | |
| Swords | 1 | |
| Sorceress Training | 1 | |
16 total
» buildings
| Altar of Kings | 1 | |
| Farm | 12 | |
| Barracks | 1 | |
| Scout Tower | 20 | |
| Arcane Tower | 2 | |
| Arcane Vault | 1 | |
| Lumber Mill | 1 | |
| Keep | 1 | |
| Blacksmith | 1 | |
| Town Hall | 2 | |
| Guard Tower | 21 | |
| Castle | 1 | |
| Workshop | 4 | |
| Gryphon Aviary | 3 | |
| Arcane Sanctum | 1 | |
72 total
» build order
00:08 Altar of Kings
00:10 Farm
00:18 Barracks
00:40 Farm
01:38 Scout Tower
01:41 Scout Tower
02:02 Farm
02:09 Arcane Tower
02:25 Arcane Vault
02:29 Arcane Tower
03:25 Lumber Mill
05:03 Keep
05:39 Farm
06:36 Blacksmith
07:00 Scout Tower
07:02 Scout Tower
07:03 Scout Tower
07:45 Town Hall
07:53 Guard Tower
08:11 Guard Tower
08:34 Scout Tower
08:36 Scout Tower
08:52 Farm
10:18 Castle
10:49 Workshop
10:52 Workshop
10:54 Workshop
11:02 Guard Tower
11:05 Scout Tower
11:07 Scout Tower
11:33 Workshop
12:02 Guard Tower
12:19 Guard Tower
12:21 Scout Tower
12:22 Scout Tower
12:32 Farm
12:34 Farm
12:34 Farm
13:10 Farm
13:10 Farm
13:11 Farm
13:12 Farm
13:32 Guard Tower
13:32 Guard Tower
13:32 Guard Tower
13:32 Guard Tower
18:08 Scout Tower
18:09 Scout Tower
18:11 Scout Tower
18:12 Scout Tower
18:13 Scout Tower
18:15 Scout Tower
18:23 Scout Tower
18:40 Guard Tower
18:42 Guard Tower
18:45 Guard Tower
18:53 Guard Tower
18:53 Guard Tower
19:01 Scout Tower
19:01 Scout Tower
19:36 Guard Tower
19:40 Town Hall
20:25 Gryphon Aviary
20:49 Gryphon Aviary
21:28 Gryphon Aviary
25:06 Arcane Sanctum
» items
| Scroll of Speed | 1 | |
| Dust of Appearance | 1 | |
| Boots of Speed | 1 | |
| Scroll of Regeneration | 6 | |
| Scroll of Town Portal | 4 | |
| Potion of Lesser Invulnerability | 3 | |
| Scroll of Healing | 2 | |
| Periapt of Vitality | 2 | |
| Staff of Sanctuary | 1 | |
| Potion of Healing | 2 | |
23 total
nexus333 (
green | 31 APM | 873 actions | 28:35)
3 Blademaster
2 Wind Walk
1 Critical Strike
2 Tauren Chieftain
1 War Stomp
1 Endurance Aura
» actions
| Build / train | 70 | |
| Enter build submenu | 25 | |
| Enter hero's abilities submenu | 5 | |
| Give item / drop item | 1 | |
| Remove unit from queue | 5 | |
| Right click | 417 | |
| Select / deselect | 298 | |
| Use ability | 52 | |
873 total
» units
| Peon | 6 | |
| Grunt | 16 | |
| Kodo Beast | 2 | |
| Shaman | 6 | |
| Tauren | 4 | |
| Troll Witch Doctor | 3 | |
37 total
» upgrades
| Berserker Strength | 1 | |
| Armor | 2 | |
| Shaman Training | 2 | |
| War Drums Damage Increase | 1 | |
| Reinforced Defenses | 1 | |
| Pulverize | 1 | |
| Witch Doctor Training | 2 | |
10 total
» buildings
| Altar of Storms | 1 | |
| Orc Burrow | 6 | |
| Barracks | 1 | |
| Voodoo Lounge | 1 | |
| War Mill | 1 | |
| Stronghold | 1 | |
| Beastiary | 1 | |
| Fortress | 1 | |
| Watch Tower | 9 | |
| Spirit Lodge | 1 | |
| Tauren Totem | 1 | |
| Great Hall | 2 | |
26 total
» build order
00:22 Altar of Storms
00:37 Orc Burrow
00:53 Barracks
01:37 Orc Burrow
01:53 Voodoo Lounge
02:03 War Mill
04:08 Stronghold
04:15 Orc Burrow
05:17 Orc Burrow
07:10 Beastiary
07:49 Fortress
09:19 Orc Burrow
09:33 Watch Tower
09:47 Watch Tower
10:56 Spirit Lodge
11:15 Watch Tower
12:31 Watch Tower
17:26 Tauren Totem
21:40 Orc Burrow
22:44 Great Hall
23:13 Watch Tower
24:54 Great Hall
25:07 Watch Tower
25:31 Watch Tower
26:46 Watch Tower
27:37 Watch Tower
» items
| Healing Salve | 4 | |
| Boots of Speed | 1 | |
| Potion of Healing | 2 | |
| Orb of Lightning | 1 | |
| Lesser Clarity Potion | 1 | |
9 total
team 2 (winner)
Birdeneering (
blue | 101 APM | 3942 actions | 39:12)
4 Archmage
2 Blizzard
2 Brilliance Aura
4 Blood Mage
2 Flame Strike
2 Siphon Mana
5 Pit Lord
3 Rain of Fire
2 Cleaving Attack
» actions
| Assign group hotkey | 337 | |
| Basic commands | 40 | |
| Build / train | 137 | |
| Enter build submenu | 97 | |
| Enter hero's abilities submenu | 13 | |
| Give item / drop item | 5 | |
| Remove unit from queue | 1 | |
| Right click | 1711 | |
| Select / deselect | 449 | |
| Select group hotkey | 816 | |
| Use ability | 336 | |
3942 total
» units
» upgrades
| Masonry | 3 | |
| Lumber Harvesting | 2 | |
| Magic Sentry | 1 | |
6 total
» buildings
| Altar of Kings | 1 | |
| Farm | 3 | |
| Lumber Mill | 1 | |
| Scout Tower | 141 | |
| Arcane Tower | 3 | |
| Guard Tower | 65 | |
| Keep | 1 | |
| Arcane Vault | 4 | |
| Castle | 1 | |
| Arcane Sanctum | 1 | |
| Town Hall | 3 | |
224 total
» build order
00:03 Altar of Kings
00:06 Farm
00:49 Lumber Mill
01:14 Scout Tower
01:22 Scout Tower
01:27 Farm
01:42 Scout Tower
01:44 Arcane Tower
01:48 Scout Tower
01:48 Arcane Tower
02:10 Guard Tower
02:11 Scout Tower
02:14 Scout Tower
02:18 Guard Tower
02:19 Guard Tower
02:19 Guard Tower
02:33 Scout Tower
02:48 Guard Tower
03:40 Guard Tower
03:41 Scout Tower
03:42 Scout Tower
03:46 Scout Tower
04:01 Keep
04:05 Guard Tower
04:08 Guard Tower
04:09 Scout Tower
04:15 Arcane Vault
04:30 Guard Tower
04:32 Scout Tower
04:42 Guard Tower
04:44 Scout Tower
04:53 Farm
05:01 Guard Tower
05:29 Scout Tower
05:37 Scout Tower
05:38 Guard Tower
05:44 Scout Tower
05:44 Scout Tower
05:45 Scout Tower
06:03 Guard Tower
06:08 Guard Tower
06:09 Scout Tower
06:24 Castle
06:31 Guard Tower
06:33 Scout Tower
06:34 Scout Tower
06:47 Guard Tower
06:47 Guard Tower
06:48 Scout Tower
06:49 Scout Tower
06:59 Scout Tower
07:03 Scout Tower
07:06 Arcane Sanctum
07:10 Guard Tower
07:15 Guard Tower
07:17 Scout Tower
07:18 Scout Tower
07:20 Scout Tower
07:21 Scout Tower
07:28 Arcane Vault
07:30 Guard Tower
07:45 Guard Tower
07:47 Scout Tower
07:47 Scout Tower
07:56 Arcane Vault
08:34 Scout Tower
08:37 Guard Tower
08:46 Scout Tower
08:46 Guard Tower
08:48 Guard Tower
08:54 Guard Tower
09:22 Guard Tower
10:00 Town Hall
10:07 Scout Tower
10:08 Guard Tower
10:32 Guard Tower
10:33 Guard Tower
10:34 Scout Tower
10:35 Scout Tower
10:36 Scout Tower
10:36 Scout Tower
10:38 Guard Tower
10:41 Scout Tower
10:42 Scout Tower
10:44 Scout Tower
10:44 Scout Tower
10:45 Scout Tower
10:52 Scout Tower
10:53 Scout Tower
11:32 Guard Tower
11:39 Scout Tower
11:39 Scout Tower
11:40 Scout Tower
11:41 Scout Tower
11:42 Guard Tower
11:51 Guard Tower
12:18 Guard Tower
12:20 Guard Tower
12:59 Scout Tower
13:00 Scout Tower
13:18 Guard Tower
14:04 Guard Tower
14:05 Scout Tower
14:06 Scout Tower
14:06 Scout Tower
14:07 Scout Tower
14:37 Guard Tower
14:40 Scout Tower
14:41 Scout Tower
14:42 Scout Tower
14:43 Scout Tower
15:49 Scout Tower
15:50 Scout Tower
15:51 Scout Tower
15:51 Scout Tower
15:52 Scout Tower
15:52 Scout Tower
15:55 Scout Tower
15:56 Scout Tower
15:56 Scout Tower
15:57 Scout Tower
15:58 Scout Tower
15:58 Scout Tower
16:00 Scout Tower
16:01 Scout Tower
16:02 Scout Tower
16:03 Scout Tower
16:04 Scout Tower
16:05 Scout Tower
16:05 Scout Tower
16:08 Scout Tower
16:11 Scout Tower
16:12 Scout Tower
16:13 Scout Tower
16:14 Scout Tower
16:15 Scout Tower
16:17 Scout Tower
16:18 Scout Tower
16:18 Scout Tower
16:42 Guard Tower
16:44 Scout Tower
16:45 Scout Tower
16:45 Scout Tower
16:48 Guard Tower
16:51 Guard Tower
16:54 Scout Tower
16:57 Scout Tower
16:57 Scout Tower
17:48 Guard Tower
18:15 Guard Tower
18:21 Scout Tower
18:23 Scout Tower
18:25 Guard Tower
18:29 Scout Tower
18:30 Scout Tower
18:31 Scout Tower
18:32 Scout Tower
18:36 Guard Tower
18:40 Arcane Vault
18:59 Guard Tower
19:12 Guard Tower
20:09 Guard Tower
20:35 Guard Tower
20:40 Scout Tower
21:00 Scout Tower
21:01 Scout Tower
21:36 Guard Tower
21:42 Scout Tower
21:43 Scout Tower
21:44 Scout Tower
21:45 Scout Tower
21:46 Scout Tower
21:47 Scout Tower
21:48 Scout Tower
21:51 Guard Tower
22:43 Guard Tower
23:02 Arcane Tower
25:31 Guard Tower
25:37 Scout Tower
25:38 Scout Tower
25:39 Scout Tower
25:39 Scout Tower
25:40 Scout Tower
25:40 Scout Tower
25:41 Scout Tower
25:41 Scout Tower
26:59 Guard Tower
27:02 Scout Tower
27:03 Scout Tower
27:04 Scout Tower
27:05 Scout Tower
27:06 Scout Tower
27:06 Scout Tower
27:07 Scout Tower
27:08 Scout Tower
27:38 Guard Tower
33:56 Scout Tower
33:57 Scout Tower
34:05 Scout Tower
34:06 Scout Tower
34:09 Scout Tower
34:10 Scout Tower
34:21 Scout Tower
34:22 Scout Tower
34:23 Scout Tower
34:23 Scout Tower
34:32 Scout Tower
34:33 Scout Tower
34:35 Guard Tower
34:37 Guard Tower
34:40 Scout Tower
34:41 Scout Tower
34:41 Scout Tower
34:42 Scout Tower
34:50 Guard Tower
35:01 Guard Tower
35:03 Town Hall
35:15 Guard Tower
35:17 Guard Tower
35:29 Guard Tower
36:13 Town Hall
» items
| Scroll of Regeneration | 3 | |
| Boots of Speed | 3 | |
| Staff of Teleportation | 3 | |
| Staff of Sanctuary | 3 | |
| Scroll of Town Portal | 3 | |
| Orb of Lightning | 3 | |
| Healing Salve | 1 | |
19 total
DougSandhorst (
red | 114 APM | 4467 actions | 39:13)
7 Blademaster
3 Wind Walk
3 Critical Strike
1 Bladestorm
» actions
| Assign group hotkey | 10 | |
| Basic commands | 10 | |
| Build / train | 84 | |
| Enter build submenu | 61 | |
| Enter hero's abilities submenu | 7 | |
| Give item / drop item | 8 | |
| Remove unit from queue | 1 | |
| Right click | 3338 | |
| Select / deselect | 417 | |
| Select group hotkey | 290 | |
| Use ability | 241 | |
4467 total
» units
» upgrades
| Ranged Weapons | 3 | |
| Liquid Fire | 1 | |
| Armor | 3 | |
7 total
» buildings
| Orc Burrow | 3 | |
| Altar of Storms | 1 | |
| War Mill | 1 | |
| Watch Tower | 44 | |
| Voodoo Lounge | 3 | |
| Stronghold | 2 | |
| Beastiary | 5 | |
| Great Hall | 1 | |
| Fortress | 1 | |
61 total
» build order
00:18 Orc Burrow
00:21 Altar of Storms
00:35 War Mill
01:48 Watch Tower
01:54 Watch Tower
02:01 Voodoo Lounge
02:33 Watch Tower
02:56 Watch Tower
03:30 Stronghold
03:31 Stronghold
03:54 Watch Tower
03:58 Watch Tower
04:45 Orc Burrow
04:46 Orc Burrow
05:13 Watch Tower
05:15 Watch Tower
06:05 Watch Tower
06:10 Beastiary
06:14 Beastiary
06:21 Watch Tower
06:33 Beastiary
06:40 Beastiary
06:44 Watch Tower
06:57 Watch Tower
07:17 Great Hall
07:52 Watch Tower
08:40 Watch Tower
10:38 Watch Tower
10:46 Watch Tower
10:53 Watch Tower
11:36 Watch Tower
11:40 Watch Tower
11:45 Watch Tower
12:58 Watch Tower
13:10 Watch Tower
13:55 Fortress
14:26 Watch Tower
14:28 Watch Tower
14:32 Watch Tower
15:41 Watch Tower
15:42 Watch Tower
15:43 Watch Tower
15:43 Watch Tower
15:45 Watch Tower
16:31 Voodoo Lounge
16:46 Voodoo Lounge
16:50 Watch Tower
16:56 Watch Tower
17:56 Watch Tower
17:57 Watch Tower
17:58 Watch Tower
18:32 Watch Tower
18:33 Watch Tower
18:34 Watch Tower
18:36 Watch Tower
26:11 Watch Tower
26:12 Watch Tower
28:23 Beastiary
28:27 Watch Tower
28:27 Watch Tower
28:28 Watch Tower
» items
| Boots of Speed | 4 | |
| Staff of Teleportation | 4 | |
| Healing Salve | 6 | |
| Lesser Clarity Potion | 7 | |
| Orb of Lightning | 1 | |
22 total
timg4strok (
purple | 104 APM | 4078 actions | 39:12)
8 Warden
3 Shadow Strike
3 Blink
1 Spirit of Vengeance
1 Fan of Knives
4 Pandaren Brewmaster
2 Breath of Fire
1 Drunken Brawler
1 Drunken Haze
» actions
| Assign group hotkey | 20 | |
| Basic commands | 63 | |
| Build / train | 130 | |
| ESC pressed | 19 | |
| Enter build submenu | 30 | |
| Enter hero's abilities submenu | 12 | |
| Give item / drop item | 4 | |
| Right click | 2326 | |
| Select / deselect | 293 | |
| Select group hotkey | 865 | |
| Use ability | 316 | |
4078 total
» units
» upgrades
| Nature's Blessing | 1 | |
| Ultravision | 1 | |
| Well Spring | 1 | |
| Strength of the Wild | 3 | |
| Reinforced Hides | 3 | |
| Corrosive Breath | 1 | |
10 total
» buildings
| Altar of Elders | 1 | |
| Moon Well | 25 | |
| Tree of Life | 2 | |
| Tree of Ages | 1 | |
| Hunter's Hall | 3 | |
| Tree of Eternity | 1 | |
| Ancient of Wonders | 1 | |
| Ancient of Wind | 1 | |
| Chimaera Roost | 4 | |
39 total
» build order
00:18 Altar of Elders
00:18 Moon Well
00:20 Moon Well
01:34 Moon Well
03:55 Tree of Life
04:48 Tree of Ages
08:35 Moon Well
08:36 Moon Well
08:38 Hunter's Hall
08:50 Hunter's Hall
10:40 Tree of Eternity
10:44 Ancient of Wonders
11:09 Hunter's Hall
14:28 Tree of Life
14:37 Ancient of Wind
20:06 Chimaera Roost
20:06 Chimaera Roost
20:46 Moon Well
20:48 Moon Well
20:49 Moon Well
20:52 Moon Well
20:52 Moon Well
21:03 Moon Well
21:03 Moon Well
21:04 Moon Well
21:05 Moon Well
22:03 Moon Well
22:03 Moon Well
24:16 Moon Well
24:17 Moon Well
24:18 Moon Well
24:21 Moon Well
24:24 Moon Well
24:25 Moon Well
24:27 Moon Well
24:29 Moon Well
24:30 Moon Well
28:56 Chimaera Roost
28:57 Chimaera Roost
» items
| Dust of Appearance | 1 | |
| Boots of Speed | 3 | |
| Scroll of Regeneration | 1 | |
| Healing Salve | 2 | |
| Lesser Clarity Potion | 4 | |
| Staff of Teleportation | 2 | |
| Orb of Venom | 1 | |
| Potion of Healing | 9 | |
| Orb of Lightning | 1 | |
| Scroll of Town Portal | 3 | |
27 total
Chat log
(03:13 / All) CHASSEUR08: lol
(03:14 / All) CHASSEUR08: nice
(06:50 / All) CHASSEUR08: to late
(06:51 / All) CHASSEUR08: xp
(12:37 / All) CHASSEUR08: MH
(12:38 / All) CHASSEUR08: OMG
(16:00 / All) DougSandhorst: green
(16:02 / All) DougSandhorst: i love it
(17:31 / All) DougSandhorst: lol
(20:13 / All) DougSandhorst: lol
(20:24 / All) Birdeneering: you made some headway into the towers
(20:27 / All) Birdeneering: but we repaired it
(20:32 / All) Birdeneering: Maybe if you kill 1 tower next time
(23:00 / All) CHASSEUR08: noob OMG
(23:02 / All) DougSandhorst: lol
(23:08 / All) CHASSEUR08: 0 skill
(23:11 / All) DougSandhorst: ok
(23:14 / All) CHASSEUR08: Fear play ??
(23:15 / All) CHASSEUR08: fear??
(23:16 / All) CHASSEUR08: XDD
(23:17 / All) Birdeneering: who do you think
(23:18 / All) Birdeneering: will win
(23:19 / All) DougSandhorst: fear play
(23:19 / All) DougSandhorst: lol
(23:20 / All) Birdeneering: ?
(23:26 / All) CHASSEUR08: yes
(23:27 / All) CHASSEUR08: bùt
(23:30 / All) CHASSEUR08: 2 h
(23:33 / All) DougSandhorst: ok
(23:34 / All) DougSandhorst: my favorite!
(23:37 / All) Birdeneering: it won't be 2h
(23:39 / All) Birdeneering: you will quit
(23:41 / All) CHASSEUR08: yes
(23:42 / All) DougSandhorst: shall we duel
(23:43 / All) CHASSEUR08: fùn
(23:43 / All) Birdeneering: at maybe 70 minutes at the max
(23:44 / All) CHASSEUR08: no no
(23:48 / All) CHASSEUR08: go fùn DDDDDDDDD
(23:51 / All) CHASSEUR08: me
(23:54 / All) CHASSEUR08: 135
(24:07 / All) DougSandhorst: lol
(24:11 / All) DougSandhorst: not a fair duel....
(25:16 / All) DougSandhorst: klol
(25:40 / All) CHASSEUR08: ty for wisp
(25:44 / All) DougSandhorst: ty for 2spider
(25:48 / All) CHASSEUR08: nice blocDD
(25:58 / All) DougSandhorst: ))
(26:01 / All) DougSandhorst: france?
(26:10 / All) CHASSEUR08: warcraf3 ?
(26:12 / All) CHASSEUR08: XDD
(26:12 / All) CHASSEUR08: die
(26:39 / All) Birdeneering: bye
(26:41 / All) Birdeneering: I lose 0 gold
(26:48 / All) CHASSEUR08: PGM!
(28:29 / All) CHASSEUR08: gg
(28:31 / All) DougSandhorst: L:OL
(28:32 / All) timg4strok: GG
(28:32 / All) Birdeneering: G_G
(28:32 / All) DougSandhorst: LOL
(28:33 / All) DougSandhorst: LOL
(28:34 / All) DougSandhorst: LOL
(28:34 / All) DougSandhorst: LOL
(28:35 / All) DougSandhorst: LOL
(28:35 / All) CHASSEUR08: ; )
(28:36 / All) DougSandhorst: LOL
(28:36 / All) DougSandhorst: LOL
(28:37 / All) DougSandhorst: LOL
(28:38 / All) DougSandhorst: LOL
(28:38 / All) DougSandhorst: LOL
(28:40 / All) CHASSEUR08: LOL ?
(28:42 / All) CHASSEUR08: ok i afk
(28:43 / All) DougSandhorst: laughing out loud
(28:47 / All) DougSandhorst: hahahahahah
(28:47 / All) Birdeneering: Maygbe 30 minute
(28:49 / All) Birdeneering: we already won
(29:18 / All) DougSandhorst: hohoho
(29:27 / All) CHASSEUR08: ^^
(29:28 / All) CHASSEUR08: nice
(29:30 / All) CHASSEUR08: really gg
(29:35 / All) DougSandhorst: bye
(29:36 / All) DougSandhorst: leave
(29:36 / All) CHASSEUR08: no fùn : (((
(29:37 / All) DougSandhorst: quit
(29:38 / All) DougSandhorst: now
(29:45 / All) CHASSEUR08: 5 min
(29:47 / All) CHASSEUR08: i need friend
(29:59 / All) CHASSEUR08: blùe?
(30:11 / All) CHASSEUR08: TPTPTP
(30:12 / All) CHASSEUR08: FEAR
(30:13 / All) CHASSEUR08: DDD
(30:13 / All) Birdeneering: 0 gold
(30:14 / All) Birdeneering: not a tp
(30:17 / All) Birdeneering: i lose 0 gold
(30:19 / All) DougSandhorst: fear
(30:19 / All) DougSandhorst: lol
(30:20 / All) Birdeneering: how much your tp cost?
(30:24 / All) CHASSEUR08: FEAR
(30:25 / All) CHASSEUR08: FEAR
(30:57 / All) CHASSEUR08: FAER
(30:58 / All) CHASSEUR08: FEAR
(31:00 / All) CHASSEUR08: DDDD
(31:05 / All) DougSandhorst: lose??
(31:15 / All) CHASSEUR08: and?
(31:27 / All) CHASSEUR08: IOTS FùN
(31:27 / All) CHASSEUR08: DD
(31:30 / All) DougSandhorst: fear
(31:31 / All) DougSandhorst: fear
(31:32 / All) DougSandhorst: fear
(31:33 / All) DougSandhorst: fear
(31:38 / All) DougSandhorst: fear
(31:38 / All) CHASSEUR08: ù fear
(31:39 / All) DougSandhorst: fear
(31:39 / All) DougSandhorst: Fear
(31:40 / All) DougSandhorst: fear
(31:41 / All) DougSandhorst: Fear
(31:42 / All) DougSandhorst: fear
(32:09 / All) CHASSEUR08: NOOB
(32:09 / All) CHASSEUR08: XDD
(32:19 / All) Birdeneering: what's it like to lose to towers
(32:22 / All) DougSandhorst: drop crown of kings
(32:26 / All) DougSandhorst: and blue quits
(32:27 / All) DougSandhorst: give me it
(32:30 / All) DougSandhorst: and blue will leave
(32:41 / All) CHASSEUR08: NOOB
(32:41 / All) CHASSEUR08: XDD
(32:50 / All) CHASSEUR08: XDD
(32:51 / All) CHASSEUR08: OWND
(32:52 / All) CHASSEUR08: MASS GOLD
(32:59 / All) DougSandhorst: lol
(33:21 / All) CHASSEUR08: XDDD
(33:21 / All) CHASSEUR08: NOOB
(33:23 / All) CHASSEUR08: NO SKILL
(33:25 / All) DougSandhorst: who is winning
(33:28 / All) DougSandhorst: i ask you this honestly
(33:30 / All) Birdeneering: why did u lose this game?
(33:39 / All) CHASSEUR08: ù bùt we have no time vs fear player
(33:43 / All) DougSandhorst: hahhahahahaha
(34:01 / All) CHASSEUR08: FAER
(34:02 / All) CHASSEUR08: RùN
(34:03 / All) CHASSEUR08: XDD
(34:54 / All) CHASSEUR08: MASS TOWER
(34:56 / All) CHASSEUR08: OWWAAA
(34:56 / All) DougSandhorst: yep
(34:57 / All) CHASSEUR08: PGM
(34:57 / All) DougSandhorst: clan towa
(34:59 / All) CHASSEUR08: no skill
(35:01 / All) CHASSEUR08: ù fear??
(35:02 / All) DougSandhorst: what is "pgm"
(35:03 / All) CHASSEUR08: ù fear
(35:15 / All) CHASSEUR08: fear?
(35:19 / All) Birdeneering: Nope
(35:22 / All) DougSandhorst: i'm afraid of winning
(35:22 / All) Birdeneering: haven't been afrai
(35:25 / All) DougSandhorst: i am terrified of winning
(35:31 / All) CHASSEUR08: XDDD
(35:34 / All) CHASSEUR08: XXDDDD
(35:38 / All) CHASSEUR08: DDD POPOPOO
(35:40 / All) Birdeneering: from the second this game started
(35:43 / All) Birdeneering: I knew we were winning
(35:46 / All) CHASSEUR08: POPOPO
(35:47 / All) CHASSEUR08: POPOPO
(35:50 / All) CHASSEUR08: XDD BLABLABLA ME ALONE
(35:51 / All) CHASSEUR08: ME ALONE
(35:52 / All) CHASSEUR08: D
(36:17 / All) CHASSEUR08: it was easy for me
(36:18 / All) CHASSEUR08: DD
(36:18 / All) DougSandhorst: ty for level 7
(36:22 / All) Birdeneering: you're somehow avle to lose a game on your own
(36:24 / All) DougSandhorst: it did look easy to lose yeah
(36:25 / All) Birdeneering: remarkable
(36:25 / All) CHASSEUR08: ty for fùn i see i'm the best here
(36:26 / All) CHASSEUR08: DDD
(36:31 / All) DougSandhorst: bye
(36:32 / All) DougSandhorst: leave now
(36:38 / All) Birdeneering: gg nice loss
(36:42 / All) DougSandhorst: ty for banish
(36:50 / All) CHASSEUR08: np
(37:29 / All) CHASSEUR08: NOOO
(37:30 / All) CHASSEUR08: D
(37:36 / All) CHASSEUR08: fùn?
(37:47 / All) CHASSEUR08: DDDD
(37:55 / All) CHASSEUR08: it was fùn
(37:56 / All) CHASSEUR08: bùt
(37:58 / All) CHASSEUR08: i cansee
(38:01 / All) DougSandhorst: i'm glad you have fun losing
(38:02 / All) CHASSEUR08: i'm the best
(38:03 / All) CHASSEUR08: 1 v 3
(38:04 / All) DougSandhorst: i have fun winning
(38:08 / All) CHASSEUR08: and hard for YOù
(38:10 / All) CHASSEUR08: XDDDD
(38:11 / All) CHASSEUR08: np
(38:13 / All) DougSandhorst: lol
(38:15 / All) Birdeneering: Winning this game
(38:17 / All) CHASSEUR08: war 3 is dead man >.<
(38:18 / All) Birdeneering: i made 0 units
(38:19 / All) DougSandhorst: this is one of the easiest games i've played in a while
(38:25 / All) CHASSEUR08: WAKE ùP !!!!!!!!!!!!!!!!!!!!!!!!!!!!!!!!!!!!!!!!!!!!!!!!!! OH MY GOD
(38:27 / All) DougSandhorst: lol
(38:31 / All) CHASSEUR08: WARCRAFT 3 FROZEN THRONE IS DEAD !!!
(38:33 / All) CHASSEUR08: DDDD
(38:35 / All) DougSandhorst: lol
(38:37 / All) timg4strok: why u play.
(38:37 / All) CHASSEUR08: go leag of legend
(38:38 / All) Birdeneering: as soon as I saw your terrible micro
(38:39 / All) DougSandhorst: idk this is still pretty fun
(38:40 / All) CHASSEUR08: battle field
(38:42 / All) Birdeneering: i knew we had won the game
(38:42 / All) CHASSEUR08: diablo 3
(38:44 / All) Birdeneering: then you talked a lot
(38:45 / All) CHASSEUR08: WAJE ùP !!!!!!!!
(38:45 / All) Birdeneering: then we won
(38:48 / All) CHASSEUR08: WAKE ùP DDDDD
(38:49 / All) CHASSEUR08: D
(38:52 / All) CHASSEUR08: ^^
(38:52 / All) DougSandhorst: hahahah
(38:55 / All) DougSandhorst: d3 is good
(38:56 / All) CHASSEUR08: bùt
(38:57 / All) DougSandhorst: patch on monday
(38:58 / All) CHASSEUR08: ù need
(38:58 / All) DougSandhorst: maybe
(39:07 / All) CHASSEUR08: tower for win : )))) blablabla ^^ fear play
(39:08 / All) CHASSEUR08: D
(39:11 / All) DougSandhorst: sometimes i'ts fun to take a break from d3 etc